 Dungeon Crawl Stone Soup version 0.21-a0-404-g291f19a (webtiles) character file.

46 Insomnius the Cutter (level 3, -1/33 HPs)
             Began as a Naga Gladiator on Oct 29, 2017.
             Slain by a worker ant (6 damage)
             ... on level 2 of the Dungeon.
             The game lasted 00:08:06 (1829 turns).

Insomnius the Cutter (Naga Gladiator)               Turns: 1829, Time: 00:08:07

Health: -1/33      AC:  3    Str: 14 (16) XL:     3   Next: 68%
Magic:  3/3        EV:  7    Int:  5 (8)  God:
Gold:   24         SH:  7    Dex: 10 (13) Spells: 2/2 levels left

rFire    . . .     SeeInvis +   a - +0 rapier
rCold    . . .     Gourm    +   k - +0 shield
rNeg     . . .     Faith    .   b - +0 leather armour
rPois    +         Spirit   .   c - +0 helmet
rElec    .         Reflect  .   (no cloak)
rCorr    .         Harm     .   (no gloves)
MR       .....                  (no barding)
Stlth    +.........             i - amulet of the gourmand
HPRegen  0.11/turn              (no ring)
MPRegen  0.08/turn              (no ring)

@: lethally poisoned (-1 -> -3), very slow
A: see invisible, deformed body, poison resistance, slowness 2, slow metabolism
1, spit poison 1, AC +1
a: Spit Poison


You were on level 2 of the Dungeon.
You were full.

You visited 1 branch of the dungeon, and saw 2 of its levels.

You collected 24 gold pieces.

Inventory:

Hand Weapons
 a - a +0 rapier (weapon)
Missiles
 d - 3 throwing nets (quivered)
Armour
 b - a +0 leather armour (worn)
 c - a +0 helmet (worn)
 k - a +0 shield (worn)
Jewellery
 g - an uncursed amulet of rage {unknown}
 i - an amulet of the gourmand (around neck)
Scrolls
 e - a scroll of teleportation {unknown}
 h - a scroll of fear {unknown}
Comestibles
 f - a bread ration


   Skills:
 * Level 2.3 Fighting
 - Level 3.0 Short Blades
 - Level 1.7 Throwing
 * Level 1.5 Armour
 + Level 2.9 Dodging
 * Level 0.4 Shields


You had 2 spell levels left.
You didn't know any spells.

Dungeon Overview and Level Annotations

Branches:
Dungeon (2/15)

Altars:


Innate Abilities, Weirdness & Mutations

You cannot wear boots.
Your serpentine skin is tough. (AC +1)
You have supernaturally acute eyesight. (SInv)
Armour fits poorly on your strangely shaped body.
Your system is resistant to poisons. (rPois)
You cover ground very slowly.
You have a slow metabolism.
You can spit poison.


Message History

The worker ant is moderately wounded.
You feel sick. The worker ant bites you! The worker ant completely misses you.
You hit the worker ant but do no damage.
The worker ant is moderately wounded.
The worker ant bites you.
You hit the worker ant.
The worker ant is heavily wounded.
You block the worker ant's attack.
Your shield and leather armour prevent you from hitting the worker ant.
The worker ant is heavily wounded.
You feel sick. The worker ant barely misses you.
You block the worker ant's attack.
You hit the worker ant.
The worker ant is heavily wounded.
The worker ant bites you.
* * * LOW HITPOINT WARNING * * *
You barely miss the worker ant.
The worker ant is heavily wounded.
The worker ant bites you.
You die...

#.......#.#.#.#.#.#..# ##
#######...[..........####
#..##........#.....
#.....#############
####### ### # ##.########
########.#........
#.......###.######
#######@######.#.##
......a.# ##.## #########
###


You could see a worker ant.

Vanquished Creatures
  Natasha (D:2)
  A worm (D:2)
  A dart slug (D:1)
  A ball python (D:1)
  2 goblins
  A hobgoblin (D:1)
  3 bats
  5 frilled lizards
  2 kobolds (D:1)
  2 rats (D:1)
19 creatures vanquished.

Notes
Turn   | Place    | Note
-------+----------+-------------------------------------------
     0 | D:1      | Insomnius the Naga Gladiator began the quest for the Orb.
     0 | D:1      | Reached XP level 1. HP: 19/19 MP: 1/1
   293 | D:1      | Reached XP level 2. HP: 26/26 MP: 2/2
  1208 | D:2      | Reached skill level 1 in Armour
  1235 | D:2      | Noticed Natasha
  1236 | D:2      | Noticed a crimson imp
  1238 | D:2      | Noticed a crimson imp
  1250 | D:2      | HP: 1/26 [Natasha (3)]
  1251 | D:2      | Killed Natasha
  1251 | D:2      | Reached XP level 3. HP: 2/32 MP: 3/3
  1829 | D:2      | Slain by a worker ant

Vault maps used:
D:1:      onia_arrival_mini_maze_b, minmay_strange_pillars
D:2:      gammafunk_temple_overflow_pools, gammafunk_temple_overflow_statue,
          first_bread, minmay_misc_feat_pillars, uniq_sigmund, uniq_robin,
          uniq_natasha

Skill      XL: |  1  2 |
---------------+-------+-----
Armour         | 1 |  1.5
Fighting       | |  2.3
Short Blades   | |  3.0
Throwing       | |  1.7
Dodging        | |  2.9
Shields        | |  0.4

Action                   || total
-------------------------++-------
Melee: Rapier            ||    78
  Use: Potion            ||     3
  Eat: Chunk             ||     8
Armor: Leather armour    ||    29
Dodge: Dodged            ||    33
Block: Shield            ||    11

Table legend:
 A = Spawn XP
 B = Non-spawn XP
 C = Spawn XP percentage of total XP
 D = Spawn monster count
 E = Non-spawn monster count
 F = Spawn count percentage of total count
 G = Total turns spent on level
                    A         B        C        D         E        F      G
               +---------+---------+-------+---------+---------+-------+---------
         Total |       0 |      67 |   0.0 |       0 |      19 |   0.0 |  1829
               +---------+---------+-------+---------+---------+-------+---------
           D:1 |       0 |      20 |   0.0 |       0 |      13 |   0.0 |  1196
           D:2 |       0 |      47 |   0.0 |       0 |       6 |   0.0 |   633
               +---------+---------+-------+---------+---------+-------+---------
